 Dungeon Crawl Stone Soup version 0.30-a0-845-g7c6808c8ce (webtiles) character file.

Game seed: 4385328536874790291

21 qeuew the Chopper (level 2, -2/25 HPs)
             Began as a Hill Orc Gladiator on Mar 2, 2023.
             Slain by a gnoll
             ... wielding a +0 halberd
              (4 damage)
             ... on level 2 of the Dungeon.
             The game lasted 00:00:29 (532 turns).

qeuew the Chopper (Hill Orc Gladiator)               Turns: 532, Time: 00:00:30

Health: -2/25      AC:  4    Str: 16    XL:     2   Next: 83%
Magic:  2/2        EV: 12    Int:  8    God:
Gold:   8          SH:  0    Dex: 12    Spells: 1/1 levels left

rFire   . . .      SeeInvis .    a - +0 war axe
rCold   . . .      Faith    .    (no shield)
rNeg    . . .      Spirit   .    b - +0 leather armour
rPois   .          Reflect  .    c - +0 helmet
rElec   .          Rampage  .    (no cloak)
rCorr   .                        (no gloves)
Will    .....                    (no boots)
Stlth   +                        (no amulet)
HPRegen 0.24/turn                (no ring)
MPRegen 0.08/turn                (no ring)

@: no status effects
A: no striking features
a: no special abilities


You were on level 2 of the Dungeon.
You visited 1 branch of the dungeon, and saw 2 of its levels.

You collected 8 gold pieces.

Inventory:

Hand Weapons
 a - a +0 war axe (weapon)
Missiles
 d - 3 throwing nets (quivered)
 e - a javelin
Armour
 b - a +0 leather armour (worn)
 c - a +0 helmet (worn)
Jewellery
 h - a ring of resist corrosion
Scrolls
 f - a scroll of teleportation {unknown}
 j - a scroll of identify {unknown}
 k - a scroll of poison {unknown}
 m - a scroll of blinking {unknown}
Potions
 g - a potion of degeneration {unknown}
 i - a potion of curing {unknown}
 l - a potion of might {unknown}


   Skills:
 + Level 2.7 Fighting
 * Level 4.3 Axes
 * Level 2.1 Throwing
 + Level 0.8 Armour
 + Level 2.5 Dodging


You had one spell level left.
You didn't know any spells.
Your spell library contained the following spells:

 Spells                   Type           Power      Damage    Failure   Level
 Sublimation of Blood     Necr           0%         N/A       63%         2
 Wereblood                Tmut           0%         N/A       63%         2
 Summon Hydra             Summ           0%         N/A       100%        7


Dungeon Overview and Level Annotations

Branches:
Dungeon (1/15)

Altars:

Annotations:
D:1 1 transporter


Message History

The adder bites you but does no damage.
You slash the gnoll!
The gnoll is severely wounded.
You hit the bat. You closely miss the adder. The bat closely misses you.
The bat hits you but does no damage. The adder misses you.
The gnoll hits you from afar with a +0 halberd!
The gnoll hits you with a +0 club!
* * * LOW HITPOINT WARNING * * *
The bat hits you but does no damage. The adder barely misses you.
The gnoll barely misses you. The gnoll misses you.
You are too injured to fight recklessly!
You are too injured to fight recklessly!
You are too injured to fight recklessly!
You are too injured to fight recklessly!
You are too injured to fight recklessly!
You are too injured to fight recklessly!
You are too injured to fight recklessly!
You are too injured to fight recklessly!
You are too injured to fight recklessly!
You are too injured to fight recklessly!
You are too injured to fight recklessly!
You are too injured to fight recklessly!
You are too injured to fight recklessly!
You are too injured to fight recklessly!
You are too injured to fight recklessly!
You hit the gnoll.
The gnoll is severely wounded.
You miss the adder. You barely miss the bat. The bat misses you.
The bat barely misses you. The adder barely misses you.
The gnoll closely misses you. The gnoll hits you with a +0 club.
* * * LOW HITPOINT WARNING * * *
You closely miss the gnoll.
The gnoll is severely wounded.
You barely miss the bat. You miss the adder. The bat barely misses you.
The adder bites you.
* * * LOW HITPOINT WARNING * * *
The gnoll hits you with a +0 club.
* * * LOW HITPOINT WARNING * * *
The gnoll hits you from afar with a +0 halberd.
You die...

#.#.# #..
#############.#.####..
.............>..#.....
.................###.#
####.#..#####.#..###.#
...........##........#
###..#..##.##.#.######
..###bb#..##.##.#.#
.....Bg@.....##.#.#
......S...#####.#.#
..###g##.[.?. .....
... .#.......#.# ?..
.#######.#.# ..... #.
#.#.# ##.# #. ..


You could see 2 gnolls, an adder, a giant cockroach and 2 bats.

Vanquished Creatures
  A gnoll (D:2)
  A dart slug (D:1)
  3 endoplasms (D:1)
  A kobold (D:1)
  A quokka (D:1)
  A rat (D:1)
8 creatures vanquished.

Notes
Turn   | Place    | Note
-------+----------+-------------------------------------------
     0 | D:1      | qeuew the Hill Orc Gladiator began the quest for the Orb.
     0 | D:1      | Reached XP level 1. HP: 18/18 MP: 1/1
   167 | D:1      | Reached XP level 2. HP: 25/25 MP: 2/2
   355 | D:1      | Found a faded altar of an unknown god.
   463 | D:1      | You fall into a shaft and drop 1 floor!
   532 | D:2      | Slain by a gnoll

Illustrated notes

Levels and vault maps discovered:
D:1:      spicycebolla_arrival_risky_transporter, layout_basic,
          shapermc_ecumenical_altar_gd, minmay_close_crescents
D:2:      layout_basic

Skill      XL: |  1 |
---------------+----+-----
Throwing       | 2 |  2.1
Fighting       | |  2.7
Axes           | |  4.3
Armour         | |  0.8
Dodging        | |  2.5

Action                     || total
---------------------------++-------
  Melee: War axe           ||    23
 Armour: Leather armour    ||     6
  Dodge: Dodged            ||    22

Table legend: (Time is in decaauts)
 A = Elapsed time spent in this place.
 B = Non-inter-level travel time spent in this place.
 C = Inter-level travel time spent in this place.
 D = Time resting spent in this place.
 E = Time spent auto-exploring this place.
 F = Levels seen in this place.
 G = Mean time per level.
                   A        B        C        D        E       F      G
               +--------+--------+--------+--------+--------+-----+--------+
         Total |    538 |    538 |      0 |      0 |    460 |   2 |  269.0 |
       Dungeon |    538 |    538 |      0 |      0 |    460 |   2 |  269.0 |
               +--------+--------+--------+--------+--------+-----+--------+

Top non-repeatable levels by time:
     D:1: 468 daAuts
     D:2: 70 daAuts
